 Dungeon Sprint DCSS version 0.20-a0-960-ge493e74 (webtiles) character file.

564 Conn321 the Thaumaturge (level 7, 0/37 HPs)
             Began as a Deep Elf Wizard on Apr 7, 2017.
             Was an Elder of Sif Muna.
             Slain by a merfolk
             ... wielding a +0 trident
              (21 damage)
             ... in the Dungeon (Sprint V: "Ziggurat Sprint").
             The game lasted 00:06:42 (378 turns).

Conn321 the Thaumaturge (Deep Elf Wizard)            Turns: 378, Time: 00:06:43

Health: 0/37       AC:  3    Str:  4    XL:     7   Next: 10%
Magic:  20/33      EV: 15    Int: 43    God:    Sif Muna [****..]
Gold:   0          SH:  0    Dex: 13    Spells: 26/35 levels left

rFire    . . .     SeeInvis .   J - +6 Majin-Bo {vamp, Archmagi MP+6 Int+6}
rCold    . . .     Gourm    .   (shield currently unavailable)
rNeg     . . .     Faith    .   a - +0 robe
rPois    +         Spirit   .   b - +0 hat
rElec    .         Reflect  .   O - +0 cloak {rPois}
rCorr    .         Harm     .   (no gloves)
MR       .....     NoTele   +   (no boots)
Stlth    +++.......             (no amulet)
Regen    0.2/turn               G - +6 ring of intelligence
MPRegen  0.3/turn               F - +6 ring of intelligence

@: very slightly contaminated, invisible
A: no striking features
a: Divine Energy, Channel Magic, Forget Spell, Renounce Religion


You were in the Dungeon.
You worshipped Sif Muna.
Sif Muna was greatly pleased with you.
You were not hungry.

You visited 1 branch

Inventory:

Hand Weapons
 J - the +6 Majin-Bo (weapon) {vamp, Archmagi MP+6 Int+6}
   (You found it in the Dungeon)

   It inflicts no extra harm, but heals its wielder when it wounds a living foe.
   It affects your intelligence (+6).
   It affects your magic capacity (+6).
 K - the +9 heavy crossbow "Sniper" {velocity, Acc+∞ SInv}
   (You found it in the Dungeon)

   Any bolt fired from it inflicts extra damage.
   It lets you see invisible.
 N - the +7 great mace "Firestarter" {inner flame, rF++}
   (You found it in the Dungeon)

   It has been specially enchanted to burn those struck by it, causing extra
   injury to most foes and up to half again as much damage against particularly
   susceptible opponents.
   It greatly protects you from fire.
Armour
 a - a +0 robe (worn)
 b - a +0 hat (worn)
 L - +5 shadow dragon scales
 M - the +18 shield of the Gong {rElec rN+ MR+ EV-5}
   (You found it in the Dungeon)

   It affects your evasion (-5).
   It insulates you from electricity.
   It protects you from negative energy.
   It affects your resistance to hostile enchantments.
 O - a +0 cloak of poison resistance (worn)
Jewellery
 t - the ring "Furunim" {rC++ MR- SInv}
   (You found it in the Dungeon)

   [ring of see invisible]

   It greatly protects you from cold.
   It affects your resistance to hostile enchantments.
   It lets you see invisible.
 D - a +6 ring of dexterity
 E - a +6 ring of dexterity
 F - a +6 ring of intelligence (right hand)
 G - a +6 ring of intelligence (left hand)
 H - a +6 ring of strength
 I - a +6 ring of strength
Wands
 y - a wand of disintegration (6/24)
 A - a wand of iceblast (5/15)
 B - a wand of lightning (5/15)
 C - a wand of acid (5/15)
Scrolls
 j - 4 scrolls of blinking
 q - 4 scrolls of amnesia
 r - 3 scrolls of recharging
 s - 7 scrolls of fog
 u - 5 scrolls of identify
 v - 5 scrolls of remove curse
 w - 2 scrolls of fear
Potions
 e - 8 potions of curing
 f - 10 potions of heal wounds
 g - 6 potions of haste
 h - 7 potions of magic
 i - 3 potions of berserk rage
 k - 2 potions of brilliance
 l - a potion of invisibility
 m - 4 potions of resistance
 n - a potion of experience
 o - 5 potions of agility
 p - 5 potions of might
Books
 c - a book of Minor Magic

   Spells                             Type                      Level
   a - Magic Dart                     Conjuration                  1
   b - Blink                          Translocation                2
   c - Call Imp                       Summoning                    2
   d - Slow                           Hexes                        2
   e - Conjure Flame                  Conjuration/Fire             3
   f - Mephitic Cloud                 Conjuration/Poison/Air       3
Comestibles
 d - 4 bread rations
 x - 42 fruits
 z - 4 meat rations


   Skills:
 + Level 0.7 Fighting
 + Level 3.3 Staves
 * Level 4.2 Armour
 + Level 5.3 Dodging
 + Level 4.8 Stealth
 * Level 14.6 Spellcasting
 * Level 5.9 Conjurations
   Level 1.1 Summonings
 + Level 1.1 Translocations
 + Level 1.6 Fire Magic
 + Level 0.6 Air Magic
 + Level 0.4 Poison Magic


You had 26 spell levels left.
You knew the following spells:

 Your Spells              Type           Power        Failure   Level  Hunger
a - Magic Dart            Conj           ####         1%          1    None
b - Blink                 Tloc           N/A          1%          2    None
c - Conjure Flame         Conj/Fire      #######.     1%          3    None
d - Mephitic Cloud        Conj/Pois/Air  ######..     1%          3    None


Dungeon Overview and Level Annotations

Branches:
Dungeon (1/1)

Altars:
Ashenzari
Cheibriados
Dithmenos
Elyvilon
Fedhas
Gozag
Hepliaklqana
Kikubaaqudgha
Makhleb
Nemelex Xobeh
Okawaru
Qazlal
Ru
Sif Muna
Trog
Uskayaw
Vehumet
Wu Jian
Xom
Yredelemnul
Zin
The Shining One
Beogh
Jiyva
Lugonu


Message History

The merfolk is heavily wounded.
The merfolk is engulfed in noxious fumes.
The merfolk appears confused.
The merfolk is engulfed in noxious fumes.
The merfolk appears confused.
The merfolk hits the merfolk with a trident.
The merfolk is engulfed in noxious fumes.
Unknown command.
You hit the merfolk.
You feel better.
The merfolk is severely wounded.
The merfolk is engulfed in noxious fumes.
The merfolk says, "I'm a little confused."
The merfolk is engulfed in noxious fumes.
The merfolk appears confused.
The merfolk looks very confused.
You hit the merfolk.
You feel better.
The merfolk is almost dead.
The merfolk hits you with a trident!!
Ouch! That really hurt!
You die...

▓▓▓▓▓▓▓▓▓▓▓▓▓▓▓▓▓▓▓
▓.8©8.▓.8©8.▓.8©8.▓
▓.|)|.▓..)[.▓.....▓
▓..}.m▓.....▓.=...▓
▓.§§§.▓.....▓.....▓
▓.§§..▓.)...▓.....▓
▓m.§.m▓.....▓.....▓
▓.@...▓.....▓▓▓▓▓▓▓
▓▓▓▓▓▓▓▓▓▓▓▓▓


You could see 3 merfolk.

Vanquished Creatures
  A merfolk (D)
  A golden eye (D)
  A floating eye (D)
  2 necrophages (D)
  A wight (D)
6 creatures vanquished.

Notes
Turn   | Place    | Note
-------+----------+-------------------------------------------
     0 | D        | Conn321 the Deep Elf Wizard began the quest for the Orb.
     0 | D        | Reached XP level 1. HP: 10/10 MP: 7/7
     0 | D        | Found a deep blue altar of Sif Muna.
     0 | D        | Found a bloodstained altar of Trog.
     0 | D        | Found a sacrificial altar of Ru.
     0 | D        | Found a stormy altar of Qazlal.
     0 | D        | Found an iron altar of Okawaru.
     1 | D        | Found a sparkling altar of Nemelex Xobeh.
     1 | D        | Found a blossoming altar of Fedhas.
     3 | D        | Found an ancient bone altar of Kikubaaqudgha.
     3 | D        | Found a viscous altar of Jiyva.
     3 | D        | Found a corrupted altar of Lugonu.
     3 | D        | Found a hazy altar of Hepliaklqana.
     3 | D        | Found a burning altar of Makhleb.
     3 | D        | Found an opulent altar of Gozag.
    98 | D        | Became a worshipper of Sif Muna the Loreminder
   107 | D        | Entered arena 1.
   107 | D        | Noticed a golden eye
   107 | D        | Noticed a floating eye
   110 | D        | Paralysed by a floating eye for 3 turns
   117 | D        | Paralysed by a floating eye for 2 turns
   126 | D        | Paralysed by a floating eye for 2 turns
   133 | D        | Killed a floating eye
   133 | D        | Reached * piety under Sif Muna
   133 | D        | Reached skill level 9 in Spellcasting
   133 | D        | Reached XP level 2. HP: 15/15 MP: 13/14
   133 | D        | Reached XP level 3. HP: 19/19 MP: 14/16
   133 | D        | Reached XP level 4. HP: 24/24 MP: 14/17
   186 | D        | Killed a golden eye
   186 | D        | Reached ** piety under Sif Muna
   186 | D        | Reached skill level 1 in Staves
   186 | D        | Reached skill level 12 in Spellcasting
   186 | D        | Reached XP level 5. HP: 28/28 MP: 21/21
   242 | D        | Learned a level 2 spell: Blink
   246 | D        | Learned a level 3 spell: Conjure Flame
   250 | D        | Learned a level 3 spell: Mephitic Cloud
   250 | D        | Entered arena 2.
   250 | D        | Noticed a necrophage
   250 | D        | Noticed a necrophage
   256 | D        | Killed a necrophage
   256 | D        | Reached *** piety under Sif Muna
   256 | D        | Reached skill level 13 in Spellcasting
   256 | D        | Reached skill level 5 in Conjurations
   256 | D        | Reached XP level 6. HP: 22/32 MP: 19/24
   256 | D        | Reached skill level 5 in Dodging
   256 | D        | Reached skill level 14 in Spellcasting
   256 | D        | Reached skill level 1 in Fire Magic
   354 | D        | Got the ring "Furunim" {rC++ MR- SInv}
   358 | D        | Entered arena 3.
   358 | D        | Noticed a merfolk
   358 | D        | Noticed a merfolk
   358 | D        | Noticed a merfolk
   358 | D        | Noticed a merfolk
   375 | D        | Killed a merfolk
   375 | D        | Reached **** piety under Sif Muna
   375 | D        | Reached XP level 7. HP: 16/37 MP: 19/27
   378 | D        | Slain by a merfolk

Vault maps used:
D:        sprint_v

Skill      XL: |  1  2  3  4  5  6 |
---------------+-------------------+-----
Armour         | 2 3 4 |  4.2
Dodging        | 3 4 5 |  5.3
Stealth        | 3 4 |  4.8
Spellcasting   | 9 12 13 14 | 14.6
Conjurations   | 3 4 5 |  5.9
Staves         | 1 2 3 |  3.3
Fire Magic     | 1 |  1.6
Fighting       | |  0.7
Summonings     | |  1.1
Translocations | |  1.1
Air Magic      | |  0.6
Poison Magic   | |  0.4

Action                   |  1- 3 |  4- 6 |  7- 9 || total
-------------------------+-------+-------+-------++-------
Melee: Quarterstaff      |     8 |    20 |     3 ||    31
 Cast: Conjure Flame     |       |     4 |       ||     4
       Mephitic Cloud    |       |     4 |       ||     4
       Magic Dart        |       |     2 |       ||     2
Evoke: Wand              |     1 |       |       ||     1
  Use: Potion            |     2 |     1 |       ||     3
       Scroll            |       |     1 |       ||     1
 Stab: Invisible         |       |     1 |       ||     1
  Eat: Bread ration      |     1 |       |       ||     1
Dodge: Dodged            |       |     2 |     1 ||     3
